 Dungeon Crawl Stone Soup version 0.31.0-12-g77e489cdc1 (webtiles) character file.

Game seed: 17360749945130653957

126 Gadfly the Insei (level 4, -1/35 HPs)
             Began as a Demonspawn Monk on Feb 12, 2024.
             Killed by divine providence
             ... invoked by an orc priest
              (13 damage)
             ... on level 3 of the Dungeon.
             The game lasted 00:03:54 (2138 turns).

Gadfly the Insei (Demonspawn Monk)                  Turns: 2138, Time: 00:03:55

Health: -1/35      AC:  9    Str: 20    XL:     4   Next: 83%
Magic:  4/4        EV: 13    Int: 10    God:
Gold:   108        SH:  0    Dex: 15    Spells: 3/3 levels left

rFire   . .          .
                       - Unarmed
rCold   . . .        c - orb {light}
rNeg    . . .        a - +0 robe
rPois   .            (helmet restricted)
rElec   .            (no cloak)
rCorr   .            (no gloves)
SInv    .            m - +2 pair of boots
Will    .....        (no amulet)
Stlth   +            k - +6 ring of strength
HPRegen 0.25/turn    l - +4 ring of protection
MPRegen 0.09/turn

%: no passive effects
@: glowing
A: antennae 1
a: no special abilities


You were on level 3 of the Dungeon.
You visited 1 branch of the dungeon, and saw 3 of its levels.

You collected 108 gold pieces.

Inventory:

Hand Weapons
 n - a +0 falchion
Armour
 a - a +0 robe (worn)
 c - an orb of light (worn)
 m - a +2 pair of boots (worn)
Jewellery
 k - a +6 ring of strength (left hand)
 l - a +4 ring of protection (right hand)
Scrolls
 e - 3 scrolls of identify
 f - a scroll of blinking
Potions
 b - a potion of cancellation
 d - a potion of resistance
 g - 2 potions of haste
 h - a potion of heal wounds {unknown}
 i - a potion of invisibility {unknown}
 j - a potion of brilliance {unknown}
 o - a potion of curing


   Skills:
 - Level 3.0 Fighting
 + Level 3.1 Dodging
 * Level 3.5 Unarmed Combat
 * Level 2.2 Evocations
 * Level 1.6 Shapeshifting


You had 3 spell levels left.
You didn't know any spells.
Your spell library contained the following spells:

 Spells                   Type           Power      Damage    Failure   Level
 Freeze                   Ice            0%         1d3       36%         1
 Slow                     Hex            0%         N/A       36%         1
 Blink                    Tloc           0%         N/A       50%         2
 Lesser Beckoning         Tloc           0%         N/A       50%         2
 Momentum Strike          Conj/Tloc      0%         3d8       50%         2
 Confusing Touch          Hex            0%         N/A       75%         3
 Frozen Ramparts          Ice            0%         1d1       75%         3
 Hailstorm                Conj/Ice       0%         3d5       75%         3
 Sigil of Binding         Hex            0%         N/A       75%         3
 Vampiric Draining        Necr           0%         2d6       75%         3


Dungeon Overview and Level Annotations

Branches:
Dungeon (3/15)

Altars:
Xom

Shops:
D:2 (


Innate Abilities, Weirdness & Mutations

You have a pair of small antennae on your head.


Message History

Items here: ( )) [[ †.
You hit the orc priest.
The orc priest is moderately wounded.
You feel sick. The orc priest closely misses you.
You hit the orc priest.
The orc priest is severely wounded.
You feel sick.
The orc priest hits you with a +0 trident of venom.
You are more poisoned.
You are too injured to fight recklessly!
You are too injured to fight recklessly!
You are too injured to fight recklessly!
You are too injured to fight recklessly!
You are too injured to fight recklessly!
You are too injured to fight recklessly!
You are too injured to fight recklessly!
You are too injured to fight recklessly!
You are too injured to fight recklessly!
You are too injured to fight recklessly!
You are too injured to fight recklessly!
You are too injured to fight recklessly!
You are too injured to fight recklessly!
You are too injured to fight recklessly!
You are too injured to fight recklessly!
You are too injured to fight recklessly!
You hit the orc priest but do no damage.
The orc priest is severely wounded.
You feel very sick.
You feel sick. The orc hits you but does no damage.
The orc priest hits you with a +0 trident of venom.
* * * LOW HITPOINT WARNING * * *
You are more poisoned.
* * * LOW HITPOINT WARNING * * *
You feel very sick. The orc priest barely misses you.
Items here: ( )) [[ †.
It was a potion of curing.
You feel better.
The orc priest mumbles some strange prayers to Beogh against you.
Beogh smites you!
You die...

######'####### ###
#....#.# #.. #....#.# #..
#....#.####### #..
#............#####..
#...†...............
#...................
########.#...............
......##@#...............
......goo#...............
......###########........
#<..# #........ ###
#........ #####........
#............
#............
#......######


You could see an orc priest, an orc and a goblin.

Vanquished Creatures
  3 adders
  3 gnolls (D:2)
  2 ribbon worms (D:2)
  A dart slug (D:1)
  2 orcs (D:3)
  6 ball pythons
  7 endoplasms
  2 giant cockroaches (D:3)
  4 goblins
  3 hobgoblins
  4 jackals
  3 kobolds
  A quokka (D:1)
  7 bats
  4 frilled lizards
  11 rats
63 creatures vanquished.

Notes
Turn   | Place    | Note
-------+----------+-------------------------------------------
     0 | D:1      | Gadfly the Demonspawn Monk began the quest for the Orb.
     0 | D:1      | Reached XP level 1. HP: 18/18 MP: 1/1
    31 | D:1      | You fall into a shaft and drop 1 floor!
    90 | D:1      | Gained mutation: You have a pair of small antennae on your
                  | head. [demonic ancestry]
    90 | D:1      | Reached XP level 2. HP: 20/24 MP: 2/2
   155 | D:1      | HP: 1/24 [quokka (4)]
   211 | D:1      | Reached skill level 1 in Evocations
   352 | D:1      | Reached XP level 3. HP: 25/29 MP: 3/3
   402 | D:1      | Reached skill level 1 in Shapeshifting
   838 | D:2      | Found a shimmering altar of Xom.
  1025 | D:2      | Found Mualirab's Weapon Shop.
  1135 | D:2      | Reached XP level 4. HP: 35/35 MP: 4/4
  2138 | D:3      | Killed from afar by an orc priest

Illustrated notes

Levels and vault maps discovered:
D:1:      ldierk_walled_garden_2, layout_rooms
D:2:      layout_basic, serial_shops, nicolae_shop_tiny_waterfront, basic_altar
D:3:      layout_basic

Skill      XL: |  1  2  3  4 |
---------------+-------------+-----
Unarmed Combat | 3 |  3.5
Evocations     | 1 2 |  2.2
Shapeshifting  | 1 |  1.6
Dodging        | 3 |  3.1
Fighting       | |  3.0

Action                     |  1- 3 |  4- 6 || total
---------------------------+-------+-------++-------
  Melee: Unarmed           |   133 |    75 ||   208
    Use: Potion            |     1 |     2 ||     3
         Scroll            |     5 |     2 ||     7
 Armour: Robe              |    93 |    46 ||   139
  Dodge: Dodged            |   111 |    38 ||   149
